Map: Orbital Shipyard

Players

Gasface

  • Race: Terran Terran
  • League: Bronze

Miltreta - Winner!

  • Race: Terran Terran
  • League: Bronze

VOD

Have the link to the VOD?

Description

Time

  • Played on: March 15, 2016, 9:26 p.m.
  • Length: 4:27
Show
View Real Time Build Order
Export as new Build Order

Gasface Terran 

Build Orders:  

Get SALT Encoding   

  12  0:13  SCV  
  13  0:16  Supply Depot  
  13  0:25  SCV  
  14  0:42  Barracks  
  14  0:52  SCV  
  14  0:55  Barracks  
  15  1:00  Refinery  
  15  1:29  Marine  
  16  1:37  SCV  
  17  1:46  Marine  
  18  1:50  Supply Depot  
  18  1:58  Marine  
  19  2:05  Marine  
  20  2:22  Marine  
  21  2:23  Marine  
  22  2:39  Refinery  
  22  2:40  Marine  
  22  2:41  Marine  
  24  2:48  SCV  
  25  2:52  Refinery  
  25  2:58  Supply Depot, Marine  
  26  2:59  Marine  
  26  3:00  SCV  
  28  3:13  SCV  
  28  3:15  Marine  
  28  3:17  Marine  
  31  3:25  SCV  
  32  3:33  Marine  
  33  3:35  Marine  
  33  3:37  SCV  
  35  3:45  Command Center  
  35  3:49  SCV  
  36  3:56  Barracks Reactor  
  36  4:01  SCV  
  37  4:02  Marine  
  36  4:13  SCV  
Show
View Real Time Build Order
Export as new Build Order

Miltreta Terran - Winner!

Build Orders:  

Get SALT Encoding   

  12  0:01  SCV  
  13  0:13  SCV  
  14  0:21  Supply Depot  
  14  0:25  SCV  
  15  0:31  Refinery  
  15  0:45  Barracks  
  15  0:48  SCV  
  16  1:00  SCV  
  17  1:07  Supply Depot  
  17  1:24  SCV  
  18  1:43  Orbital Command  
  18  1:48  Factory  
  18  2:00  Barracks Tech Lab  
  18  2:06  Refinery  
  18  2:24  SCV  
  19  2:35  Command Center  
  19  2:43  SCV  
  20  2:44  Barracks Tech Lab  
  20  2:58  SCV  
  21  2:59  Barracks  
  21  3:00  Barracks  
  21  3:07  Siege Tank  
  21  3:11  SCV  
  25  3:23  SCV  
  26  3:36  Starport  
  26  3:47  Marine  
  27  3:51  Barracks Reactor, Barracks Tech Lab  
  27  4:01  Engineering Bay  
  27  4:03  Armory  
  27  4:05  Marine  
Tags
 
Add a new tag
Caveats
  • Supply blocks, unpowered buildings, or Contaminate may cause inaccurate times.
  • Supply counts are checked every 10 seconds.